AoeStats
← Seeker

Yucatan

510578773Analyzed
3v3 RM · 1d ago on Oct 1, 2026· 65m 20s· 6 players
Game mode
Random Map
Map size
Normal (6 player)
Population
200
Speed
Normal
Resources
Standard
Victory
Conquest
Starting age
Dark Age
Ending age
Imperial Age
RankedLock teamsTeams togetherTeam positionsShared explorationLock speedFull tech treeHidden civsTurbo modeCheats
Victory
Defeat
🇩🇪 Vietnamese · Germany
780
+18
🇧🇴 Teutons · Bolivia
744
+20
🇷🇸 Byzantines · Serbia
727
+20
🇷🇺 Poles · Russia
838
-20
🇮🇱 Slavs · Israel
823
-19
🇷🇺 Italians · Russia
819
-19
Seeker
11:53 Feudal Age
12:50 Double-Bit Axe
17:10 Castle Age
17:44 Wheelbarrow
17:42 Stone Mining
19:45 Gold Mining
20:57 Bow Saw
21:42 Stone Shaft Mining
22:55 Horse Collar
25:34 Forging
27:54 Scale Barding Armor
32:05 Heavy Plow
35:38 Gold Shaft Mining
39:01 Imperial Age
38:38 Iron Casting
38:57 Thumb Ring
38:13 Elite Skirmisher
41:18 Two-Man Saw
41:06 Chain Barding Armor
42:05 Elite Cataphract
44:37 Logistica
46:41 Plate Barding Armor
47:12 Conscription
47:02 Padded Archer Armor
46:52 Fletching
48:36 Leather Archer Armor
47:43 Imperial Skirmisher
57:21 Hand Cart
57:09 Bodkin Arrow
57:44 Ring Archer Armor
58:02 Bracer
58:02 Scale Mail Armor
65:11 Chemistry
64:31 Ballistics
LittleChaosed
10:49 Feudal Age
10:42 Loom
18:22 Castle Age
19:08 Double-Bit Axe
23:35 Bow Saw
26:48 Imperial Age
24:26 Town Watch
25:18 Wheelbarrow
24:56 Town Watch
26:04 Forging
25:47 Horse Collar
28:14 Gold Mining
30:13 Crossbowman
31:27 Ballistics
32:00 Scale Mail Armor
31:51 Fletching
32:01 Padded Archer Armor
33:04 Padded Archer Armor
34:10 Hand Cart
34:38 Thumb Ring
35:08 Squires
36:01 Leather Archer Armor
35:41 Bodkin Arrow
36:22 Iron Casting
37:31 Two-Man Saw
37:10 Arbalester
39:08 Siege Engineers
38:59 Murder Holes
39:46 Chain Mail Armor
40:51 Iron Casting
41:13 Town Patrol
41:24 Bracer
41:54 Ring Archer Armor
45:10 Bloodlines
45:01 Husbandry
44:22 Cavalier
45:58 Plate Mail Armor
45:34 Scale Barding Armor
50:23 Chain Barding Armor
51:19 Light Cavalry
51:40 Elite Skirmisher
54:51 Imperial Skirmisher
61:53 Plate Barding Armor
62:21 Chemistry
cesar555545
10:51 Feudal Age
18:21 Castle Age
17:19 Horse Collar
17:26 Double-Bit Axe
17:35 Gold Mining
17:38 Stone Mining
18:35 Forging
18:26 Scale Mail Armor
26:55 Heavy Plow
27:13 Bow Saw
29:47 Wheelbarrow
31:12 Ballistics
33:46 Imperial Age
31:36 Hand Cart
31:10 Town Watch
34:21 Iron Casting
34:02 Chain Mail Armor
35:39 Town Patrol
36:35 Elite Teutonic Knight
37:36 Conscription
37:37 Ironclad
36:53 Capped Ram
41:23 Blast Furnace
43:54 Plate Mail Armor
44:33 Onager
46:00 Crenellations
50:24 Chemistry
50:54 Hoardings
50:14 Fletching
50:14 Arrowslits
50:35 Siege Engineers
53:46 Siege Onager
Elvis
13:50 Feudal Age
14:23 Double-Bit Axe
14:21 Horse Collar
15:21 Gold Mining
18:15 Castle Age
18:22 Castle Age
26:52 Bow Saw
26:45 Heavy Plow
27:13 Pikeman
31:46 Wheelbarrow
33:03 Forging
32:59 Scale Barding Armor
33:54 Szlachta Privileges
33:49 Stone Mining
34:45 Hand Cart
34:36 Husbandry
35:55 Bloodlines
40:51 Imperial Age
39:33 Iron Casting
39:19 Chain Barding Armor
40:54 Cavalier
40:57 Light Cavalry
51:52 Conscription
53:51 Blast Furnace
Karamba
11:35 Feudal Age
15:42 Castle Age
13:43 Double-Bit Axe
14:45 Gold Mining
20:36 Man-at-Arms
21:42 Long Swordsman
25:28 Horse Collar
29:44 Forging
29:41 Heavy Plow
30:46 Scale Mail Armor
33:12 Wheelbarrow
35:57 Bow Saw
35:27 Pikeman
36:08 Squires
40:31 Hand Cart
40:19 Detinets
44:14 Imperial Age
44:22 Imperial Age
43:38 Ballistics
45:00 Heavy Scorpion
45:58 Siege Engineers
47:50 Gold Shaft Mining
47:06 Stone Mining
49:14 Chemistry
49:32 Halberdier
49:33 Two-Handed Swordsman
54:56 Murder Holes
55:14 Masonry
Bjorraud
13:08 Feudal Age
18:37 Castle Age
24:11 Imperial Age
24:37 Loom
24:45 Horse Collar
26:24 Wheelbarrow
31:53 Fletching
32:04 Padded Archer Armor
Connection lost

Rejoining the realm…

Still unreachable

The connection could not be restored.

Session expired

The server has moved on; the page needs a fresh start.